 Dungeon Crawl Stone Soup version 0.20-a0-839-gdaf5c57 (webtiles) character file.

27 Dfrag the Firebug (level 2, 0/19 HPs)
             Began as a Demonspawn Fire Elementalist on Mar 8, 2017.
             Succumbed to an adder's poison
             ... on level 2 of the Dungeon on Mar 9, 2017.
             The game lasted 00:02:26 (957 turns).

Dfrag the Firebug (Demonspawn Fire Elementalist)     Turns: 957, Time: 00:02:26

Health: 0/19       AC:  2    Str: 13    XL:     2   Next: 93%
Magic:  0/5        EV: 12    Int: 16    God:
Gold:   81         SH:  0    Dex: 13    Spells: 4/5 levels left

rFire    . . .     SeeInvis .   e - +0 dagger (speed)
rCold    . . .     Gourm    .   a - +0 robe
rNeg     + . .     Faith    .   (no shield)
rPois    .         Spirit   .   (helmet restricted)
rElec    .         Reflect  .   (no cloak)
rCorr    .         Harm     .   (no gloves)
MR       .....                  (no boots)
Stlth    ++........             (no amulet)
Regen    0.1/turn               (no ring)
MPRegen  0.1/turn               l - ring of positive energy

@: mighty, lethally poisoned (0 -> -22)
A: antennae 1
a: no special abilities


You were on level 2 of the Dungeon.
You were hungry.

You visited 1 branch of the dungeon, and saw 2 of its levels.

You collected 81 gold pieces.

Inventory:

Hand Weapons
 e - a +0 dagger of speed (weapon)
Armour
 a - a +0 robe (worn)
Jewellery
 l - a ring of positive energy (left hand)
Scrolls
 f - a scroll of blinking {unknown}
 j - a scroll of teleportation {unknown}
 k - a scroll of identify {unknown}
 m - a scroll of remove curse {unknown}
Potions
 d - a potion of might
 g - a potion of haste {unknown}
 h - a potion of lignification {unknown}
 i - a potion of berserk rage {unknown}
 n - a potion of brilliance {unknown}
Books
 b - a book of Flames

   Spells                             Type                      Level
   a - Flame Tongue                   Conjuration/Fire             1
   b - Throw Flame                    Conjuration/Fire             2
   c - Conjure Flame                  Conjuration/Fire             3
   d - Inner Flame                    Hexes/Fire                   3
   e - Sticky Flame                   Conjuration/Fire             4
   f - Fireball                       Conjuration/Fire             5
Comestibles
 c - 2 bread rations


   Skills:
 - Level 1.7 Dodging
 - Level 1.7 Stealth
 + Level 2.3 Spellcasting
 + Level 1.8 Conjurations
 + Level 3.1 Fire Magic


You had 4 spell levels left.
You knew the following spells:

 Your Spells              Type           Power        Failure   Level  Hunger
a - Flame Tongue          Conj/Fire      #....        10%         1    #......


Dungeon Overview and Level Annotations

Branches:
Dungeon (2/15)

Altars:


Innate Abilities, Weirdness & Mutations

You have a pair of small antennae on your head.


Message History

The adder is almost dead.
The adder barely misses you.
Okay, then.
Casting: Flame Tongue
Confirm with . or Enter, or press ? or * to list all spells.
You don't have enough magic to cast that spell.
You hit the adder.
The adder is almost dead.
* * * LOW HITPOINT WARNING * * *
You feel sick. The adder barely misses you.
You miss the adder.
The adder is almost dead.
* * * LOW HITPOINT WARNING * * *
You feel sick. The adder bites you.
* * * LOW HITPOINT WARNING * * *
You are more poisoned.
The adder poisons you!
It was a potion of might.
You feel very mighty all of a sudden.
You die...

.. .........
... #.
........##.>.
#. .......†...#
#..#######..###
####[# ###.##
#....######...#
#.###.......###
###..Sb.#######
##...@####
#....<# #.#####
##


You could see an adder and a bat.

Vanquished Creatures
  2 dart slugs (D:1)
  3 giant cockroaches (D:1)
  3 goblins (D:1)
  3 hobgoblins
  A kobold (D:1)
  5 bats
  2 frilled lizards (D:1)
  2 rats (D:1)
21 creatures vanquished.

Notes
Turn   | Place    | Note
-------+----------+-------------------------------------------
     0 | D:1      | Dfrag the Demonspawn Fire Elementalist began the quest for the Orb.
     0 | D:1      | Reached XP level 1. HP: 13/13 MP: 3/3
   188 | D:1      | Gained mutation: You have a pair of small antennae on your head. [demonic ancestry]
   188 | D:1      | Reached XP level 2. HP: 12/19 MP: 3/5
   238 | D:1      | Reached skill level 3 in Fire Magic
   957 | D:2      | Succumbed to an adder's poison

Vault maps used:
D:1:      roderic_dead_forest
D:2:      minmay_close_crescents

Skill      XL: |  1  2 |
---------------+-------+-----
Fire Magic     | 3 |  3.1
Dodging        | |  1.7
Stealth        | |  1.7
Spellcasting   | |  2.3
Conjurations   | |  1.8

Action                   || total
-------------------------++-------
Melee: Unarmed           ||    42
       Dagger            ||    20
 Cast: Flame Tongue      ||    35
  Use: Potion            ||     1
Armor: Robe              ||    22
Dodge: Dodged            ||    65
